 Dungeon Crawl Stone Soup version 0.18.1-48-g4cf74bf (webtiles) character file.

7978 Galewin the Severer (level 11, -2/145 HPs)
             Began as a Minotaur Berserker on July 18, 2016.
             Was a High Priest of Trog.
             Slain by an orc warrior
             ... wielding a +0 battleaxe
              (12 damage)
             ... on level 10 of the Dungeon.
             The game lasted 00:21:22 (7699 turns).

Galewin the Severer (Minotaur Berserker)            Turns: 7699, Time: 00:21:23

Health: -2/145     AC: 16    Str: 29    XL:     11   Next: 3%
Magic:  3/3        EV:  8    Int:  4    God:    Trog [*****.]
Gold:   508        SH:  0    Dex: 11    Spells: 0 memorised, 10 levels left

rFire  . . .     SeeInvis .     H - +3 battleaxe (antimagic)
rCold  . . .     Gourm    .     h - +0 plate armour
rNeg   . . .     Faith    .     (shield currently unavailable)
rPois  .         Spirit   .     (helmet restricted)
rElec  .         Dismiss  .     m - +0 cloak
rCorr  .         Reflect  .     (no gloves)
SustAt +         Harm     .     f - +0 pair of boots
MR     .....                    (no amulet)
Stlth  ..........               (no ring)
                                r - ring of sustain attributes

@: berserking, very quick, not resistant to hostile enchantments, extremely
unstealthy
A: retaliatory headbutt, horns 2
a: Berserk, Trog's Hand, Brothers in Arms, Burn Spellbooks, Renounce Religion


You were on level 10 of the Dungeon.
You worshipped Trog.
Trog was extremely pleased with you.
You were not hungry.

You visited 1 branch of the dungeon, and saw 10 of its levels.

You collected 508 gold pieces.

Inventory:

Hand Weapons
 H - a +3 antimagic battleaxe (weapon)
Armour
 f - a +0 pair of boots (worn)
 h - a +0 plate armour (worn)
 m - a +0 cloak (worn)
Jewellery
 g - an uncursed ring of fire {unknown}
 r - a ring of sustain attributes (left hand)
 J - a cursed -2 ring of evasion {unknown}
Wands
 a - a wand of disintegration (13/24)
Scrolls
 b - a scroll of enchant armour {unknown}
 d - 3 scrolls of identify
 j - a scroll of remove curse
 t - 2 scrolls of blinking {unknown}
 y - a scroll of enchant weapon {unknown}
 z - a scroll of random uselessness {unknown}
 C - a scroll of silence {unknown}
 D - 2 scrolls of recharging {unknown}
 F - a scroll of fear {unknown}
Potions
 e - a potion of degeneration {unknown}
 k - 3 potions of curing {unknown}
 l - a potion of agility
 n - a potion of haste {unknown}
 o - 3 potions of brilliance {unknown}
 p - 2 potions of ambrosia
 q - a potion of lignification {unknown}
 s - a potion of magic
 u - 2 potions of might
 v - 2 potions of heal wounds {unknown}
 x - a potion of berserk rage {unknown}
 A - 2 potions of flight {unknown}
 E - a potion of invisibility {unknown}
 G - a potion of cancellation {unknown}
Comestibles
 c - 5 bread rations
 i - 3 chunks of flesh
 w - 4 meat rations
 I - 21 fruits


   Skills:
 + Level 9.5 Fighting
 * Level 15.6 Axes
 + Level 9.1 Armour
 - Level 2.1 Dodging


You had 10 spell levels left.
You didn't know any spells.

Dungeon Overview and Level Annotations

Branches:
Dungeon (10/15)            Temple (0/1) D:5            Lair (0/8) D:10
    Orc (0/2) D:10

Altars:
Ashenzari
Fedhas
Yredelemnul
Beogh


Innate Abilities, Weirdness & Mutations

You reflexively headbutt those who attack you in melee.
You have a pair of horns on your head.


Message History

You kill the warg!
Trog accepts your kill.
You start resting.
You feel less exhausted.
You start resting.
The orc warrior hits you with a battleaxe!!
* * * LOW HITPOINT WARNING * * *
You slice the orc warrior!!
The orc warrior is severely wounded. 2 orcs come into view.
You barely miss the orc warrior.
The orc warrior is severely wounded.
The orc shouts! x2
The orc warrior hits you with a battleaxe!
* * * LOW HITPOINT WARNING * * *
A red film seems to cover your vision as you go berserk!
You feel yourself moving faster!
You feel mighty!
You feel somewhat more hungry.
The orc warrior hits you with a battleaxe!
You die...

###############################
........o.o..o@................
#.......########.######..###..
#.....).# #.# #..# #..
#.......# #.# #..# #..
#......h# #.######..###..
#.......########..............
...............................
..........)...#######[[###.....
########......#.....#[[# ...##


You could see an orc warrior and 2 orcs.

Vanquished Creatures
  Erolcha (D:9)
  A hill giant (D:10)
  Pikel (D:9)
  The ghost of Galewind the Infuser, a novice DECj of Sif Muna (D:7)
  The ghost of raikaria the Stinger, a novice DrVM (D:6)
  A troll (D:9)
  A two-headed ogre (D:7)
  A wraith (D:10)
  A wyvern (D:8)
  Grum (D:8)
  A warg (D:10)
  Edmund (D:4)
  The ghost of raikaria the Cutter, an amateur KoAM (D:3)
  A water moccasin (D:10)
  3 orc warriors (D:10)
  2 black bears
  3 ice beasts (D:8)
  4 ogres
  An eye of draining (D:8)
  2 phantoms
  3 centaurs
  3 wolves (D:8)
  3 big kobolds
  2 giant frogs (D:7)
  A wyvern skeleton (D:10)
  2 water moccasin skeletons
  3 scorpions
  5 killer bees
  7 crimson imps
  A wasp zombie (D:6)
  2 hounds (D:6)
  2 centaur skeletons
  A quasit (D:8)
  4 jellies
  6 orc wizards
  7 orc priests
  Natasha (twice) (D:3)
  3 iguanas
  5 worker ants
  A killer bee zombie (D:10)
  A hound skeleton (D:10)
  Robin (D:3)
  A howler monkey skeleton (D:7)
  A howler monkey zombie (D:7)
  9 adders
  4 gnolls (D:8)
  2 shadow imps
  2 oozes
  2 worms
  2 giant geckos
  28 orcs
  A ball python (D:2)
  2 giant cockroaches
  12 goblins
  12 hobgoblins
  13 jackals
  5 quokkas
  8 bats
  6 giant newts
  A jackal skeleton (D:7)
  19 kobolds
  A quokka zombie (D:7)
  6 rats
231 creatures vanquished.

Vanquished Creatures (others)
  A slave (D:9)
  A hungry ghost (D:9)
2 creatures vanquished.

Grand Total: 233 creatures vanquished

Notes
Turn   | Place    | Note
--------------------------------------------------------------
     0 | D:1      | Galewin the Minotaur Berserker began the quest for the Orb.
     0 | D:1      | Reached XP level 1. HP: 19/19 MP: 0/0
   520 | D:1      | Reached skill level 4 in Axes
   616 | D:1      | Reached XP level 2. HP: 23/26 MP: 1/1
  1091 | D:2      | Reached ** piety under Trog
  1097 | D:2      | Reached skill level 5 in Axes
  1116 | D:2      | Reached XP level 3. HP: 11/31 MP: 2/2
  2015 | D:3      | Noticed Natasha
  2025 | D:3      | Killed Natasha
  2025 | D:3      | Reached skill level 6 in Axes
  2025 | D:3      | Reached XP level 4. HP: 39/39 MP: 3/3
  2117 | D:3      | Found a shattered altar of Ashenzari.
  2305 | D:3      | Noticed raikaria's ghost (amateur KoAM)
  2319 | D:3      | Killed raikaria's ghost
  2319 | D:3      | Reached skill level 7 in Axes
  2319 | D:3      | Reached XP level 5. HP: 45/45 MP: 4/4
  2330 | D:3      | Noticed Natasha
  2344 | D:3      | Killed Natasha
  2344 | D:3      | Reached *** piety under Trog
  2412 | D:3      | Noticed Robin
  2421 | D:3      | Reached skill level 8 in Axes
  2426 | D:3      | Killed Robin
  2932 | D:4      | Reached XP level 6. HP: 51/51 MP: 5/5
  2969 | D:4      | Noticed Edmund
  2980 | D:4      | Killed Edmund
  2980 | D:4      | Reached skill level 9 in Axes
  3030 | D:4      | Reached XP level 7. HP: 36/57 MP: 6/6
  3160 | D:4      | Got a smoking glass ring
  3272 | D:4      | Reached **** piety under Trog
  3272 | D:4      | Reached skill level 10 in Axes
  3510 | D:5      | Entered Level 5 of the Dungeon
  3600 | D:5      | Reached skill level 11 in Axes
  3612 | D:5      | Found a staircase to the Ecumenical Temple.
  3953 | D:6      | Noticed raikaria's ghost (novice DrVM)
  3972 | D:6      | Killed raikaria's ghost
  3972 | D:6      | Reached XP level 8. HP: 67/67 MP: 7/7
  4108 | D:6      | Reached skill level 12 in Axes
  4114 | D:6      | Reached skill level 5 in Fighting
  4319 | D:6      | Reached ***** piety under Trog
  4745 | D:7      | Reached skill level 5 in Armour
  4747 | D:7      | Noticed Galewind's ghost (novice DECj)
  4778 | D:7      | Killed Galewind's ghost
  4778 | D:7      | Reached XP level 9. HP: 43/75 MP: 8/8
  4905 | D:7      | Reached skill level 13 in Axes
  5348 | D:8      | Noticed Grum
  5385 | D:8      | Killed Grum
  5431 | D:8      | Identified the ring of Deis {MP+9 Stlth-} (You found it on level 4 of the Dungeon)
  5487 | D:8      | Reached skill level 14 in Axes
  5582 | D:8      | Reached XP level 10. HP: 79/88 MP: 9/9
  5856 | D:8      | Received a gift from Trog
  6212 | D:9      | Noticed Erolcha
  6212 | D:9      | Paralysed by Erolcha for 6 turns
  6223 | D:9      | Killed Erolcha
  6516 | D:9      | Found a basalt altar of Yredelemnul.
  6562 | D:9      | Noticed Pikel
  6570 | D:9      | Killed Pikel
  6570 | D:9      | Reached skill level 15 in Axes
  6692 | D:9      | Found a blossoming altar of Fedhas.
  7094 | D:10     | Entered Level 10 of the Dungeon
  7156 | D:10     | Found a roughly hewn altar of Beogh.
  7156 | D:10     | Found a staircase to the Orcish Mines.
  7177 | D:10     | Found a staircase to the Lair.
  7585 | D:10     | Noticed a hill giant
  7593 | D:10     | Killed a hill giant
  7593 | D:10     | Reached XP level 11. HP: 26/97 MP: 3/10
  7699 | D:10     | Slain by an orc warrior

Skill      XL: |  1  2  3  4  5  6  7  8  9 10 |
---------------+-------------------------------+-----
Axes           | 4 5 6 7 8 9 11 12 14 15 | 15.6
Fighting       | 4 6 7 9 |  9.5
Armour         | 4 5 7 9 |  9.1
Dodging        | |  2.1

Action                   |  1- 3 |  4- 6 |  7- 9 | 10-12 || total
-------------------------+-------+-------+-------+-------++-------
Melee: Hand axe          |   122 |   100 |   314 |    58 ||   594
       Headbutt          |    13 |    19 |    68 |    26 ||   126
       Battleaxe         |       |       |       |   110 ||   110
Invok: Burn Spellbooks   |     1 |     1 |     1 |     1 ||     4
       Berserk           |     1 |     3 |     9 |     6 ||    19
       Trog's Hand       |       |       |     1 |       ||     1
  Use: Scroll            |       |     4 |     3 |     2 ||     9
       Potion            |       |       |     2 |       ||     2
  Eat: Chunk             |     3 |     2 |     9 |     3 ||    17
       Meat ration       |       |     1 |       |     1 ||     2
       Bread ration      |       |     1 |       |     1 ||     2
       Royal jelly       |       |       |     2 |       ||     2
       Beef jerky        |       |       |       |     1 ||     1
Armor: Plate armour      |    73 |    57 |   157 |   100 ||   387
       Animal skin       |     1 |       |       |       ||     1
Dodge: Dodged            |    50 |    31 |    86 |    57 ||   224
